 Dungeon Crawl Stone Soup version 0.22.0-2-ge58baed0e8 (webtiles) character file.

646 IcyTea the Carver (level 7, -13/57 HPs)
             Began as a Red Draconian Chaos Knight on Aug 13, 2018.
             Was a Follower of Nemelex Xobeh.
             Killed by a card of wild magic (20 damage)
             ... on level 5 of the Dungeon.
             The game lasted 00:13:36 (5477 turns).

IcyTea the Carver (Red Draconian Chaos Knight)      Turns: 5477, Time: 00:13:36

Health: -13/57     AC: 10    Str: 16    XL:     7   Next: 27%
Magic:  7/7        EV: 12    Int: 15    God:    Nemelex Xobeh [*.....]
Gold:   181        SH:  0    Dex: 10    Spells: 6/6 levels left

rFire    + . .     SeeInvis .   a - +0 falchion (chaos)
rCold    . . .     Gourm    .   (no shield)
rNeg     . . .     Faith    .   (armour unavailable)
rPois    .         Spirit   .   (helmet restricted)
rElec    .         Reflect  .   (no cloak)
rCorr    .         Harm     .   (no gloves)
MR       +....                  (no boots)
Stlth    +.........             (no amulet)
HPRegen  0.19/turn              h - +3 ring of protection
MPRegen  0.10/turn              (no ring)

@: no status effects
A: breathe fire, unfitting armour, fire resistance 1, magic resistance 1, shaggy
fur 1, strong 1, cold-blooded, AC +6
a: Breathe Fire, Renounce Religion


You were on level 5 of the Dungeon.
You worshipped Nemelex Xobeh.
Nemelex Xobeh was aware of your devotion.
You were not hungry.

You visited 2 branches of the dungeon, and saw 6 of its levels.

You collected 181 gold pieces.

Inventory:

Hand Weapons
 a - a +0 falchion of chaos (weapon)
Missiles
 c - 7 javelins (quivered)
Jewellery
 h - a +3 ring of protection (left hand)
 m - an uncursed ring of fire
Scrolls
 d - a scroll of teleportation
 e - 4 scrolls of identify
 f - 2 scrolls of amnesia
 g - 2 scrolls of remove curse
 j - 2 scrolls of immolation {unknown}
 k - a scroll of magic mapping {unknown}
 l - 3 scrolls of enchant weapon {unknown}
 r - a scroll of enchant armour {unknown}
Potions
 p - a potion of heal wounds {unknown}
 q - a potion of mutation
Miscellaneous
 n - an ornate deck of destruction
 o - a plain deck of destruction {drawn: 4}
Comestibles
 b - 17 rations


   Skills:
 - Level 3.2 Fighting
 + Level 8.5 Long Blades
 - Level 2.1 Dodging


You had 6 spell levels left.
You didn't know any spells.
Your spell library contained the following spells:

 Spells                   Type           Power        Failure   Level  Hunger
 Summon Small Mammal      Summ           #...         26%         1    ##.....
 Summon Ice Beast         Ice/Summ       #.......     95%         4    #####..
 Call Imp                 Summ           #.......     38%         2    ###....
 Call Canine Familiar     Summ           #.......     63%         3    ####...
 Summon Lightning Spire   Summ/Air       #.......     95%         4    #####..
 Summon Guardian Golem    Hex/Summ       #.......     63%         3    ####...


Dungeon Overview and Level Annotations

Branches:
Dungeon (5/15)             Temple (1/1) D:4

Altars:
Cheibriados
Elyvilon
Fedhas
Gozag
Makhleb
Nemelex Xobeh
Okawaru
Sif Muna
Trog
Uskayaw
Vehumet
Xom
The Shining One

Annotations:
D:2 Robin
D:5 exclusion: statue


Innate Abilities, Weirdness & Mutations

You can breathe blasts of fire.
Your fiery red scales are hard. (AC +6)
You cannot fit into any form of body armour.
Your flesh is heat resistant. (rF+)
You are cold-blooded and may be slowed by cold attacks.
You are resistant to hostile enchantments. (MR+)
You are covered in fur. (AC +1)
Your muscles are strong. (Str +2)


Message History

You eat one of the 18 rations.
That ration really hit the spot!
You start resting.
You feel sick. x3
Your air elemental disappears in a puff of smoke!
You feel sick. x3
You are no longer poisoned.
You start resting.
You feel a little less mighty now.
You start resting.
A wyvern zombie comes into view.
Evoke which item? (* to show all) (? for menu, Esc to quit)
You draw a card...
It is Wild Magic.
You feel a surge of magic. The wyvern zombie bites you.
* * * LOW HITPOINT WARNING * * *
Evoke which item? (* to show all) (? for menu, Esc to quit)
You draw a card...
It is Wild Magic.
The wyvern zombie is caught in an explosion of flying shrapnel!
The explosion engulfs the wyvern zombie.
The explosion engulfs you!
You die...
Your body disappears without a glow.

....)('.....#.#._.#..##...
....#((...#.#...#..##.## .
#.####..#...#....... #.#
#...#...#.#.#.#. #.#
#.#.##.##.#.#... #..
#.#.........#.##
#####.#.........#.#
#.Z.#.######..#.#
#@###.###.....#.#
#.##......###...#
#.##..##### #...#
#.##......# ...>#
#....####.# .#.# ###### .#


You could see a wyvern zombie.

Vanquished Creatures
  A crimson imp (D:5)
  A bullfrog zombie (D:5)
  Jessica (D:1)
  An iguana (D:4)
  An orc wizard (D:4)
  4 worker ants (D:4)
  4 adders
  An ooze (D:2)
  2 adder skeletons (D:4)
  2 worms
  2 dart slugs
  3 leopard geckos
  6 orcs (D:4)
  A ball python (D:3)
  9 giant cockroaches
  A giant cockroach (shapeshifter) (D:1)
  14 goblins
  9 hobgoblins
  7 jackals (D:3)
  2 quokkas
  4 bats
  5 frilled lizards
  9 kobolds
  A quokka skeleton (D:4)
  2 rats
93 creatures vanquished.

Vanquished Creatures (collateral kills)
  A water moccasin (D:5)
  An ice beast (D:5)
  A centaur (D:5)
  A centaur skeleton (D:5)
  2 orc priests (D:4)
  2 orcs (D:4)
8 creatures vanquished.

Vanquished Creatures (others)
  An adder (D:3)
  A plant (D:2)
2 creatures vanquished.

Grand Total: 103 creatures vanquished

Notes
Turn   | Place    | Note
-------+----------+-------------------------------------------
     0 | D:1      | IcyTea the Draconian Chaos Knight began the quest for the Orb.
     0 | D:1      | Reached XP level 1. HP: 19/19 MP: 1/1
    52 | D:1      | XOM: harmless Fire miscast
   122 | D:1      | XOM is BORED!
   127 | D:1      | XOM: polymorph kobold -> orc
   249 | D:1      | Reached XP level 2. HP: 24/26 MP: 2/2
   446 | D:1      | XOM: 6-stop teleportation journey
   702 | D:1      | Reached skill level 4 in Long Blades
   915 | D:2      | XOM: noise
   915 | D:2      | Noticed Jessica
   919 | D:2      | XOM: blink monster(s)
  1066 | D:1      | Killed Jessica
  1066 | D:1      | Reached XP level 3. HP: 30/31 MP: 3/3
  1440 | D:2      | Noticed Robin
  1708 | D:2      | XOM: scenery: create altars
  1740 | D:2      | Reached XP level 4. HP: 37/38 MP: 4/4
  1748 | D:2      | XOM: harmless Pois miscast
  1768 | D:2      | Reached skill level 5 in Long Blades
  2175 | D:3      | XOM: 3-stop teleportation journey
  2180 | D:3      | XOM: harmless Fire miscast
  2342 | D:2      | XOM: confusion
  2378 | D:2      | XOM: confusion
  2620 | D:3      | XOM: god gift: 6 rations
  2904 | D:3      | XOM: scenery: create altars
  3074 | D:3      | Found a sparkling altar of Nemelex Xobeh.
  3167 | D:3      | Fell from the grace of Xom
  3167 | D:3      | Became a worshipper of Nemelex Xobeh the Trickster
  3213 | D:3      | Reached XP level 5. HP: 28/45 MP: 5/5
  3389 | D:4      | Reached skill level 6 in Long Blades
  3749 | D:4      | XOM: mild Erth miscast
  3836 | D:4      | Received a gift from Nemelex Xobeh
  3836 | D:4      | Received a gift from Nemelex Xobeh
  3898 | D:4      | XOM: draining
  3930 | D:4      | XOM: 1-stop teleportation journey
  3946 | D:4      | Found a staircase to the Ecumenical Temple.
  3963 | Temple   | Entered the Ecumenical Temple
  4294 | D:4      | Reached XP level 6. HP: 47/51 MP: 6/6
  4455 | D:4      | Reached skill level 7 in Long Blades
  4489 | D:4      | Reached * piety under Nemelex Xobeh
  4519 | D:4      | Found an iron altar of Okawaru.
  4848 | D:4      | Found a glowing golden altar of the Shining One.
  5100 | D:4      | XOM: severe Tmut miscast
  5279 | D:4      | XOM: give mutations
  5279 | D:4      | Gained mutation: You are resistant to hostile enchantments. (MR+) [Xom's mischief]
  5279 | D:4      | Lost mutation: You are resistant to hostile enchantments. (MR+) [Xom's mischief]
  5279 | D:4      | Gained mutation: You occasionally shout uncontrollably at your foes. [Xom's mischief]
  5299 | D:5      | Entered Level 5 of the Dungeon
  5317 | D:5      | XOM: mild Hex miscast
  5355 | D:5      | Found a radiant altar of Vehumet.
  5395 | D:5      | Noticed an ice beast
  5396 | D:5      | Noticed a water moccasin
  5423 | D:5      | Lost mutation: You occasionally shout uncontrollably at your foes. [potion of mutation]
  5423 | D:5      | Gained mutation: You are resistant to hostile enchantments. (MR+) [potion of mutation]
  5423 | D:5      | Gained mutation: Your muscles are strong. (Str +2) [potion of mutation]
  5423 | D:5      | Gained mutation: You are covered in fur. (AC +1) [potion of mutation]
  5424 | D:5      | Killed a water moccasin
  5424 | D:5      | Reached skill level 8 in Long Blades
  5424 | D:5      | Your scales start taking on a fiery red colour.
  5424 | D:5      | Reached XP level 7. HP: 9/57 MP: 7/7
  5424 | D:5      | Gained mutation: Your flesh is heat resistant. (rF+) [Red Draconian growth]
  5477 | D:5      | Killed by a card of wild magic

Skill      XL: |  1  2  3  4  5  6 |
---------------+-------------------+-----
Long Blades    | 4 5 6 8 |  8.5
Fighting       | |  3.2
Dodging        | |  2.1

Action                   |  1- 3 |  4- 6 |  7- 9 || total
-------------------------+-------+-------+-------++-------
Melee: Falchion          |    97 |   217 |       ||   314
       Tailslap          |     7 |    16 |       ||    23
Evoke: Deck              |       |     2 |     1 ||     3
  Use: Scroll            |     2 |     3 |       ||     5
       Potion            |     2 |     2 |       ||     4
 Stab: Paralysed         |     4 |     2 |       ||     6
       Sleeping          |     1 |       |       ||     1
       Confused          |       |     2 |       ||     2
  Eat: Chunk             |     3 |     6 |       ||     9
       Ration            |       |     1 |     1 ||     2
Armor: Skin              |    35 |   100 |       ||   135
Dodge: Dodged            |    70 |   134 |       ||   204
       Rpst.: Falchion   |    19 |    35 |       ||    54
